AoeStats
← GNEISS

Pilgrims

508075371Analyzed
2v2 RM · 12d ago on Sep 20, 2026· 36m 2s· 4 players
Game mode
Random Map
Map size
Medium (4 player)
Population
200
Speed
Normal
Resources
Standard
Victory
Conquest
Starting age
Dark Age
Ending age
Imperial Age
RankedLock teamsTeams togetherTeam positionsShared explorationLock speedFull tech treeHidden civsTurbo modeCheats
Victory
Defeat
🇨🇴 Saracens · Colombia
1208
+16
🇲🇽 Byzantines · Mexico
1191
+16
🇨🇱 Bulgarians · Chile
1205
-16
🇨🇱 Magyars · Chile
1196
-16
NARIO226807
8:40 Loom
10:54 Feudal Age
16:15 Castle Age
25:04 Scale Barding Armor
31:31 Forging
36:47 Imperial Age
35:31 Gold Mining
35:27 Double-Bit Axe
[Slowhand] Jose023
3:15 Loom
12:12 Feudal Age
13:54 Town Watch
16:27 Fletching
18:41 Castle Age
21:09 Wheelbarrow
24:35 Bodkin Arrow
31:02 Imperial Age
28:35 Double-Bit Axe
30:30 Scale Barding Armor
31:14 Forging
32:08 Capped Ram
34:15 Chain Barding Armor
35:25 Chemistry
36:09 Bloodlines
36:47 Bow Saw
36:18 Horse Collar
Mr.Gumball
5:22 Loom
13:10 Feudal Age
17:37 Castle Age
16:53 Stone Mining
18:58 Double-Bit Axe
23:19 Wheelbarrow
24:01 Fishing Lines
26:45 Hand Cart
27:29 Scale Barding Armor
27:49 Fletching
29:44 Gold Mining
29:39 Horse Collar
30:58 Bow Saw
34:07 Imperial Age
32:47 Heavy Plow
33:20 Ballistics
32:43 Elite Skirmisher
33:59 Corvinian Army
GNEISS
8:11 Loom
12:31 Feudal Age
15:25 Double-Bit Axe
22:15 Castle Age
21:57 Forging
21:59 Bloodlines
23:24 Pikeman
24:02 Stone Mining
25:18 Bow Saw
26:06 Iron Casting
28:07 Scale Barding Armor
29:38 Chain Barding Armor
32:26 Fishing Lines
37:43 Imperial Age
Connection lost

Rejoining the realm…

Still unreachable

The connection could not be restored.

Session expired

The server has moved on; the page needs a fresh start.